Map: Voracity

Players

Darius - Winner!

  • Race: Protoss Protoss
  • League: Gold
  • Spawn Location: 7:00

FunkyDanDog - Winner!

  • Race: Terran Terran
  • Spawn Location: 7:00

WeAreLegion - Winner!

  • Race: Terran Terran
  • League: Gold
  • Spawn Location: 7:00

Babu

  • Race: Zerg Zerg
  • League: Diamond
  • Spawn Location: 1:00

Lightyears

  • Race: Terran Terran
  • Spawn Location: 1:00

JhnWyne

  • Race: Protoss Protoss
  • Spawn Location: 1:00

VOD

Have the link to the VOD?

Description

Time

  • Played on: Dec. 16, 2024, 11:54 p.m.
  • Length: 11:37
Show
View Real Time Build Order
Export as new Build Order

Darius Protoss - Winner!

Build Orders: Zealot Archon, Archon Drop, Dark Templar Rush 

Get SALT Encoding   

  12  0:00  Probe  
  13  0:12  Probe  
  14  0:17  Pylon  
  14  0:24  Probe  
  15  0:34  Probe  
  15  0:38  Gateway  
  15  0:42  Probe  
  16  0:49  Assimilator  
  17  0:51  Probe  
  17  0:53  Assimilator  
  18  1:00  Probe  
  19  1:08  Probe  
  19  1:18  Probe  
  20  1:23  Pylon  
  21  1:27  Cybernetics Core  
  21  1:30  Probe  
  22  1:42  Probe  
  22  1:46  Forge  
  23  1:54  Probe  
  24  2:07  Twilight Council  
  24  2:09  Robotics Facility  
  24  2:12  Warp Gate  
  24  2:21  Photon Cannon  
  24  2:32  Photon Cannon  
  24  2:47  Dark Shrine  
  24  2:56  Warp Prism  
  26  3:05  Gateway  
  26  3:13  Gateway  
  26  3:22  Gateway  
  26  3:31  Gateway  
  26  3:37  Pylon  
  26  4:03  Gateway x2  
  26  4:06  Pylon  
  26  4:32  Dark Templar  
  26  4:33  Dark Templar x2  
  26  4:34  Dark Templar  
  34  4:45  Dark Templar  
  34  5:15  Nexus  
  34  5:16  Probe  
  34  5:18  Pylon  
  35  5:24  Probe  
  35  5:25  Protoss Ground Weapons Level 1  
  36  5:34  Probe  
  36  5:38  Photon Cannon  
  37  5:46  Probe  
  38  5:55  Robotics Facility, Blink  
  38  5:58  Probe  
  39  6:19  Probe  
  39  6:24  Archon x2  
  40  6:25  Stalker  
  40  6:26  Stalker  
  40  6:27  Sentry  
  40  6:28  Probe  
  47  6:36  Probe  
  47  6:46  Probe  
  48  6:49  Photon Cannon  
  48  6:52  Assimilator  
  48  6:54  Assimilator, Probe  
  50  6:58  Probe  
  51  7:06  Probe  
  52  7:08  Stalker  
  52  7:09  Stalker  
  52  7:12  Stalker  
  58  7:18  Probe  
  59  7:30  Protoss Ground Armor Level 1, Probe  
  60  7:42  Probe  
  61  7:48  Stalker  
  61  7:49  Stalker x3  
  69  8:31  Pylon  
  69  8:32  Pylon  
  69  8:35  Pylon  
  69  8:36  Robotics Facility  
  69  8:58  Stalker x2  
  69  8:59  Stalker x5  
  79  9:23  Stalker  
  79  9:24  Stalker x3  
  82  9:25  Stalker  
  82  9:26  Nexus  
  86  9:33  Stalker  
  86  9:35  Sentry  
  66  10:55  Stalker x5  
  66  10:56  Stalker x2  
  80  11:05  Probe  
  81  11:13  Probe  
  81  11:14  Assimilator  
  81  11:18  Assimilator  
  82  11:20  Pylon  
  82  11:22  Probe, Pylon  
Show
View Real Time Build Order
Export as new Build Order

FunkyDanDog Terran - Winner!

Build Orders:  

Get SALT Encoding   

  12  0:01  SCV  
  13  0:13  SCV  
  14  0:25  SCV  
  14  0:26  Supply Depot  
  15  0:44  Refinery  
  15  0:48  SCV  
  16  0:50  Barracks  
  16  1:00  SCV  
  17  1:23  SCV  
  18  1:37  Orbital Command  
  18  1:38  Supply Depot  
  18  2:02  Marine  
  19  2:09  SCV  
  20  2:19  Ghost Academy  
  20  2:20  Marine  
  20  2:21  Refinery  
  20  2:22  SCV  
  22  2:27  Barracks  
  22  2:34  SCV  
  23  2:38  Marine  
  24  2:46  SCV  
  24  2:50  Supply Depot  
  25  2:56  Marine  
  25  2:58  SCV  
  27  3:01  Personal Cloaking  
  27  3:12  Supply Depot, SCV  
  28  3:17  Barracks Tech Lab  
  28  3:19  Barracks  
  28  3:24  SCV  
  29  3:27  Barracks Reactor  
  29  3:37  Ghost, Command Center  
  32  3:45  Supply Depot  
  32  3:49  SCV  
  32  3:54  Stimpack  
  33  4:01  SCV  
  34  4:05  Marine x2  
  34  4:06  Marine  
  34  4:08  Barracks Tech Lab, Supply Depot  
  37  4:16  Engineering Bay  
  37  4:24  Marine  
  37  4:27  Marine x3  
  41  4:31  Combat Shield  
  41  4:41  Supply Depot  
  41  4:42  Marauder  
  45  4:46  Marauder  
  45  4:53  Orbital Command  
  45  4:55  SCV  
  46  5:06  Ghost  
  46  5:07  SCV  
  46  5:09  Marine, Marauder  
  46  5:11  Marine  
  54  5:19  SCV  
  55  5:25  Refinery  
  55  5:30  SCV  
  55  5:31  SCV  
  57  5:40  Ghost  
  60  5:43  SCV  
  60  5:44  SCV  
  62  5:50  Factory  
  62  5:55  Supply Depot, SCV  
  63  5:58  Terran Infantry Weapons Level 1  
  63  6:07  SCV  
  64  6:14  Refinery  
  64  6:16  SCV  
  64  6:17  Supply Depot  
  65  6:19  SCV  
  66  6:28  SCV  
  66  6:30  Marine x2  
  66  6:31  SCV, Marine x2  
  72  6:34  Concussive Shells  
  72  6:36  Hellion  
  74  6:40  SCV  
  74  6:42  Starport  
  74  6:43  SCV  
  76  6:49  Marauder x2  
  76  6:53  SCV  
  81  6:55  SCV  
  81  6:58  Nuke  
  82  7:02  Supply Depot  
  82  7:05  SCV  
  82  7:07  SCV  
  84  7:10  Marauder  
  84  7:11  Marauder  
  88  7:19  SCV  
  89  7:31  SCV, Factory Tech Lab  
  89  7:32  Starport Reactor  
  90  7:47  Command Center  
  90  7:52  Terran Infantry Armor Level 1  
  86  8:23  Ghost x2  
  86  8:26  Medivac  
  94  8:27  Medivac  
  94  8:31  Marine  
  94  8:32  Marine  
  98  8:37  Hellion  
  100  8:42  Armory  
  100  8:49  Marine x2  
  100  8:52  Ghost  
  100  8:53  Marauder  
  107  8:56  Medivac  
  107  8:59  Hellion  
  104  9:07  Marine x2  
  101  9:14  Marauder  
  96  9:20  Hellion  
  96  9:21  Marauder  
  95  9:25  Marine x2  
  96  9:35  Marauder  
  98  9:41  Hellion  
  98  9:42  Marauder  
  102  9:46  Marine  
  102  9:47  Marine  
  102  9:51  SCV  
  102  9:52  Refinery  
  105  9:57  Marauder  
  107  10:03  Marine  
  107  10:04  SCV, Marine x2  
  111  10:07  SCV  
  111  10:08  SCV  
  113  10:16  SCV  
  113  10:18  Marine  
  113  10:19  SCV  
  113  10:20  SCV  
  117  10:21  Marine  
  117  10:28  SCV, Hellbat  
  119  10:32  SCV x2  
  119  10:35  Ghost  
  116  10:38  Supply Depot  
  116  10:39  Ghost  
  116  10:40  SCV  
  117  10:44  SCV x2  
  117  10:49  Hellbat  
  121  10:52  SCV, Refinery  
  121  10:56  SCV x2  
  124  11:02  Supply Depot  
  124  11:04  SCV, Ghost  
  124  11:05  Marine x2  
  124  11:07  Ghost  
  133  11:24  SCV  
Show
View Real Time Build Order
Export as new Build Order

WeAreLegion Terran - Winner!

Build Orders: Reaper Expand 

Get SALT Encoding   

  12  0:00  SCV  
  13  0:13  SCV  
  14  0:20  Supply Depot  
  14  0:29  SCV  
  15  0:42  SCV  
  16  0:46  Barracks  
  16  0:50  Refinery  
  16  0:54  SCV  
  17  1:06  SCV  
  18  1:18  SCV  
  19  1:33  Orbital Command  
  19  1:34  Reaper  
  20  1:49  Command Center  
  20  1:53  Supply Depot  
  19  2:00  SCV  
  20  2:06  Marine  
  21  2:12  SCV  
  21  2:13  Factory  
  22  2:19  Refinery  
  22  2:24  SCV  
  23  2:35  Barracks Reactor  
  23  2:36  SCV  
  24  2:48  SCV  
  25  3:00  SCV  
  26  3:06  Factory Tech Lab  
  26  3:09  Hellion  
  26  3:12  SCV  
  29  3:13  Starport  
  29  3:14  Marine  
  31  3:23  Orbital Command  
  31  3:24  SCV  
  31  3:36  SCV  
  32  3:48  SCV  
  32  3:49  SCV  
  32  3:50  Barracks Tech Lab  
  32  3:55  Supply Depot  
  34  4:01  SCV x2  
  36  4:03  Starport Tech Lab  
  36  4:07  Liberator  
  39  4:11  Hellion x2  
  39  4:12  Marine  
  39  4:13  SCV x2  
  47  4:33  SCV x2, Barracks x2  
  47  4:37  Hellion x2  
  53  4:45  SCV  
  54  4:49  SCV  
  54  5:08  Barracks Tech Lab  
  54  5:20  Refinery  
  54  5:22  Refinery  
  54  5:24  Barracks Tech Lab  
  54  5:25  Barracks Reactor  
  54  5:28  Stimpack  
  54  5:41  Supply Depot  
  54  5:42  Supply Depot  
  54  5:59  Raven, SCV x2, Marine x2  
  54  6:04  Supply Depot, Marine x2  
  60  6:07  Supply Depot  
  60  6:09  Command Center  
  62  6:11  SCV x2  
  62  6:12  Engineering Bay  
  62  6:14  Engineering Bay  
  62  6:17  Marine x2  
  68  6:18  Widow Mine  
  68  6:19  Widow Mine  
  68  6:22  Marine x2  
  68  6:24  SCV x2  
  74  6:34  Combat Shield  
  74  6:35  Marine x2  
  74  6:36  SCV  
  74  6:39  Marine  
  77  6:43  Marine  
  77  6:45  SCV  
  80  6:48  SCV  
  80  6:52  Marine  
  80  6:53  Marauder  
  84  6:56  Viking x2  
  84  6:57  SCV, Marine  
  90  7:01  Marine  
  90  7:03  Siege Tank  
  94  7:09  Command Center  
  94  7:20  SCV x2, Marine x4  
  94  7:21  Supply Depot  
  94  7:22  Supply Depot  
  100  7:26  Viking x2  
  104  7:33  SCV x2, Terran Infantry Weapons Level 1  
  104  7:34  Terran Infantry Armor Level 1  
  104  7:35  Siege Tank  
  109  7:38  Marine x2  
  109  7:39  Marauder x2  
  115  7:56  Marine x2  
  117  7:59  Marine  
  117  8:00  Marauder  
  120  8:08  Siege Tank  
  120  8:12  Medivac x2  
  123  8:18  Barracks  
  123  8:19  Barracks  
  123  8:29  Marine x3  
  123  8:30  Marauder  
  128  8:40  Siege Tank  
  126  8:42  Medivac x2  
  126  8:48  Marauder  
  125  8:51  Marauder  
  125  9:02  Marine x2  
  127  9:09  Marauder  
  129  9:12  Siege Tank, SCV x3  
  129  9:13  Marauder  
  141  9:20  Marine x2  
  141  9:24  SCV x2, Viking x2  
  141  9:26  Barracks Tech Lab  
  141  9:27  Barracks Reactor  
  141  9:30  Marine  
  146  9:34  Marauder  
  148  10:19  Marine x4, Marauder x2  
  148  10:20  Supply Depot  
  156  10:23  Orbital Command, Supply Depot  
  156  10:26  Marine  
  155  10:29  Viking  
  155  10:33  Viking  
  156  10:38  Armory  
  156  10:41  Marine x5  
  156  10:42  Marauder  
  163  10:45  Supply Depot  
  163  10:46  Supply Depot  
  163  10:55  Marine  
  163  10:59  Marine x3, Viking  
  163  11:00  Marauder x2  
  172  11:07  Marine, Viking  
  175  11:13  Marine  
Show
View Real Time Build Order
Export as new Build Order

Babu Zerg 

Build Orders: Hatch First 

Get SALT Encoding   

  12  0:01  Drone  
  13  0:10  Drone  
  14  0:17  Overlord  
  14  0:37  Drone x3  
  17  1:00  Hatchery  
  16  1:10  Spawning Pool  
  15  1:14  Extractor  
  15  1:15  Drone  
  15  1:34  Drone  
  15  1:35  Drone x2  
  18  1:47  Drone  
  19  2:05  Zergling x2  
  20  2:10  Hatchery  
  19  2:23  Zergling x6  
  19  2:24  Zergling x2  
  19  2:26  Queen  
  25  2:32  Extractor  
  25  2:36  Metabolic Boost  
  24  2:41  Zergling x2  
  24  2:42  Zergling x2  
  26  3:11  Queen  
  28  3:13  Overlord  
  28  3:14  Overlord  
  28  3:22  Spore Crawler  
  28  3:26  Overlord  
  27  3:49  Zergling x8  
  31  4:03  Drone x2  
  31  4:04  Drone  
  34  4:19  Drone x3  
  37  4:33  Queen  
  41  4:54  Lair  
  39  5:00  Spore Crawler  
  38  5:09  Drone x4  
  38  5:10  Drone x2  
  44  5:22  Spore Crawler  
  43  5:30  Spore Crawler, Drone  
  43  5:31  Drone x2  
  43  5:32  Drone  
  46  5:53  Drone x5  
  46  5:54  Drone  
  52  6:02  Hydralisk Den  
  51  6:07  Baneling Nest  
  50  6:20  Drone  
  50  6:21  Drone x4  
  55  6:27  Drone  
  56  6:36  Extractor  
  56  6:37  Extractor  
  54  6:48  Overlord x3  
  54  6:57  Overlord x2  
  54  7:03  Extractor x2  
  54  7:06  Drone  
  54  7:07  Drone x4  
  57  7:09  Overseer  
  57  7:21  Drone x2  
  59  7:34  Drone x3  
  59  7:35  Drone x2  
  64  7:38  Overseer  
  64  7:54  Drone, Hydralisk x2  
  64  7:55  Hydralisk  
  60  8:11  Hydralisk x2  
  60  8:12  Hydralisk x3  
  70  8:24  Muscular Augments  
  70  8:29  Hydralisk x5  
  70  8:30  Hydralisk  
  74  8:53  Hatchery  
  58  8:56  Zergling x2  
  58  8:57  Zergling x4  
  58  8:58  Zergling x2  
  37  9:28  Grooved Spines  
Show
View Real Time Build Order
Export as new Build Order

Lightyears Terran 

Build Orders:  

Get SALT Encoding   

  12  0:01  SCV  
  13  0:18  Supply Depot, SCV  
  14  0:30  SCV, Refinery  
  15  0:42  SCV  
  16  0:53  Barracks  
  16  0:54  SCV  
  17  1:06  SCV  
  18  1:16  Supply Depot  
  18  1:18  SCV  
  19  1:26  Refinery  
  19  1:31  SCV  
  20  1:42  Barracks Tech Lab  
  20  1:47  Factory  
  20  1:52  Orbital Command  
  20  2:03  Marauder  
  22  2:09  Engineering Bay  
  22  2:18  SCV  
  23  2:41  SCV, Missile Turret  
  24  2:54  SCV  
  25  3:04  Siege Tank  
  28  3:06  SCV  
  29  3:18  SCV  
  30  3:26  Command Center  
  30  3:30  SCV  
  31  3:49  Supply Depot  
  31  3:56  Armory  
  31  4:10  Supply Depot  
  31  4:17  SCV  
  32  4:30  SCV  
  33  4:42  SCV  
  33  4:43  Armory  
  33  4:45  Orbital Command  
  34  4:49  Starport  
  34  4:54  SCV  
  35  5:06  SCV  
  36  5:08  Refinery  
  36  5:10  Terran Vehicle And Ship Armor Level 1  
  36  5:14  Drilling Claws  
  36  5:18  SCV, Missile Turret  
  36  5:19  SCV  
  38  5:27  Starport Tech Lab  
  38  5:30  SCV  
  38  5:31  SCV  
  38  5:32  Refinery  
  39  5:42  SCV  
  39  5:43  SCV  
  39  5:46  Viking  
  41  5:54  SCV  
  41  5:55  SCV  
  42  6:06  SCV  
  42  6:10  Terran Vehicle Weapons Level 1  
  43  6:32  Viking  
  45  6:39  Fusion Core  
  45  6:43  Command Center  
  45  7:00  Starport  
  45  7:01  Starport  
  45  7:04  Terran Ship Weapons Level 1  
  45  7:07  SCV x2  
  47  7:19  SCV x2  
  49  7:31  SCV  
  49  7:32  SCV  
  49  7:36  Command Center  
  51  7:38  Starport  
  51  7:43  SCV  
  51  7:44  SCV  
  53  7:48  Battlecruiser  
  59  7:54  Starport Tech Lab x2  
  59  7:55  SCV  
  59  7:56  SCV  
  61  8:19  Orbital Command  
  61  8:21  Starport Tech Lab  
  61  8:23  Battlecruiser x2  
  61  8:26  Terran Vehicle And Ship Armor Level 2  
  67  8:52  Orbital Command, Raven  
  67  8:55  Refinery  
  69  9:12  Battlecruiser  
  75  9:27  Battlecruiser x2  
  87  9:35  Hellbat  
  89  9:38  Battlecruiser  
  89  9:57  Hellbat  
  52  10:31  Battlecruiser  
Show
View Real Time Build Order
Export as new Build Order

JhnWyne Protoss 

Build Orders: 1 Gate Expand 

Get SALT Encoding   

  12  0:15  Probe  
  13  0:23  Probe  
  14  0:29  Pylon  
  14  0:33  Probe  
  15  0:47  Probe  
  15  0:48  Gateway  
  16  0:59  Probe  
  17  1:07  Probe  
  17  1:08  Assimilator  
  17  1:15  Probe  
  19  1:25  Probe  
  19  1:31  Nexus  
  20  1:41  Cybernetics Core  
  20  2:06  Probe  
  20  2:08  Gateway  
  20  2:14  Pylon, Probe  
  21  2:18  Warp Gate  
  22  2:25  Assimilator  
  22  2:28  Probe  
  23  2:32  Adept  
  25  2:40  Probe  
  25  2:43  Shield Battery  
  26  2:53  Shield Battery  
  26  2:58  Stalker  
  26  2:59  Stalker  
  26  3:04  Probe x2  
  32  3:12  Probe  
  32  3:16  Probe  
  34  3:21  Pylon  
  34  3:24  Probe  
  34  3:28  Probe  
  34  3:32  Probe  
  36  3:35  Assimilator  
  37  3:45  Probe  
  37  3:46  Robotics Facility  
  37  3:49  Probe  
  37  3:53  Probe  
  39  3:55  Twilight Council  
  39  4:01  Probe  
  41  4:09  Shield Battery  
  41  4:20  Stalker x2  
  41  4:23  Probe  
  41  4:24  Probe  
  47  4:33  Observer  
  47  4:34  Nexus  
  47  4:35  Probe  
  47  4:36  Probe  
  41  4:52  Zealot  
  41  4:53  Zealot  
  45  5:12  Probe  
  46  5:36  Pylon  
  46  5:37  Pylon  
  46  5:41  Probe x2  
  46  5:45  Observer  
  46  5:47  Forge  
  49  5:52  Probe x2  
  49  5:53  Probe  
  52  6:01  Probe  
  52  6:02  Assimilator  
  52  6:04  Shield Battery  
  52  6:05  Probe x2  
  52  6:09  Probe  
  55  6:14  Pylon  
  56  6:28  Photon Cannon  
  56  6:31  Photon Cannon  
  56  6:38  Photon Cannon x2  
  56  6:41  Photon Cannon  
  56  6:42  Photon Cannon x2  
  56  6:47  Shield Battery  
  56  6:50  Pylon  
  56  7:06  Stargate  
  56  7:07  Stargate  
  56  7:08  Probe x3  
  58  7:10  Stargate  
  58  7:11  Stargate  
  59  7:16  Stalker x2  
  59  7:19  Probe  
  59  7:20  Probe x2  
  66  7:27  Probe  
  66  7:28  Probe  
  66  7:29  Probe  
  69  7:40  Assimilator  
  69  7:42  Assimilator  
  69  7:45  Immortal  
  73  7:52  Probe  
  73  7:53  Probe x2  
  66  8:05  Probe x2  
  63  8:14  Void Ray x2  
  58  8:26  Photon Cannon x2  
  61  8:31  Void Ray  
  59  8:40  Stalker  
  58  9:14  Protoss Air Weapons Level 1  
  53  9:38  Pylon x2  
  50  9:40  Void Ray, Pylon  
  50  9:44  Pylon  
  54  10:08  Void Ray  
  54  10:11  Pylon  
  54  10:12  Pylon  
  54  10:27  Void Ray  
  54  10:39  Stalker  
  54  10:40  Stalker  
  62  10:51  Void Ray  
  62  10:56  Stargate  
  62  10:58  Stargate  
  62  11:02  Stargate  
  62  11:12  Nexus  
  62  11:15  Photon Cannon  
  62  11:16  Photon Cannon  
  62  11:17  Photon Cannon  
Tags
 
Add a new tag
Caveats
  • Supply blocks, unpowered buildings, or Contaminate may cause inaccurate times.
  • Supply counts are checked every 10 seconds.